 Dungeon Crawl Stone Soup version 0.29-a0-1043-g569b05d6ff (webtiles) character file.

Game seed: 1809217101560812216

110855 Zeldest the Convoker (level 17, -6/103 (149) HPs)
             Began as a Meteoran Summoner on Aug 16, 2022.
             Was the Champion of Cheibriados.
             Shot with a bolt by Vashnia (11 damage)
             ... on level 3 of the Snake Pit.
             The game lasted 01:35:38 (7666 turns).

Zeldest the Convoker (Meteoran Summoner)            Turns: 7666, Time: 01:35:39

HP:   -6/103 (149)  AC: 17    Str: 26    XL:     17   Next: 26%
MP:   10/30         EV: 24    Int: 37    God:    Cheibriados [******]
Gold: 579           SH:  0    Dex: 36    Spells: 3/32 levels left

rFire   + . .      SeeInvis .   b - +5 falchion of Demand {vorpal, rF+ rC+ Dex+4}
rCold   + + .      Faith    .   (no shield)
rNeg    . . .      Spirit   .   v - +0 swamp dragon scales
rPois   +          Reflect  .   l - +0 helmet
rElec   .          Harm     .   N - +0 cloak
rCorr   .          Rampage  .   E - +0 pair of gloves
Will    +++..                   d - +1 pair of boots
Stlth   +.........              (no amulet)
HPRegen 0.27/turn               L - ring of willpower
MPRegen 0.22/turn               G - ring of protection from cold

@: glowing, very heavily drained, very slow
A: sense surroundings 2, otherworldly, glowing, explore regen
}: 1/15 runes: serpentine
a: Renounce Religion, Bend Time, Temporal Distortion, Slouch, Step From Time


You were on level 3 of the Snake Pit.
You worshipped Cheibriados.
Cheibriados was exalted by your worship.
You visited 4 branches of the dungeon, and saw 20 of its levels.
You also visited: Sewer and Ice Cave.

You collected 1179 gold pieces.
You spent 600 gold pieces at shops.

Inventory:

Hand Weapons
 a - a +3 glaive of flaming
 b - the +5 falchion of Demand (weapon) {vorpal, rF+ rC+ Dex+4}
   (You found it on level 4 of the Lair of Beasts)

   It inflicts extra damage upon your enemies.
   Dex:       It affects your dexterity (+4).
   rF:        It protects you from fire.
   rC:        It protects you from cold.
Armour
 d - a +1 pair of boots (worn)
 l - a +0 helmet (worn)
 s - a +0 robe of willpower
 v - +0 swamp dragon scales (worn)
 E - a +0 pair of gloves (worn)
 N - a +0 cloak (worn)
 Q - a +0 tower shield of fire resistance
Magical Staves
 F - a staff of conjuration
Jewellery
 G - a ring of protection from cold (right hand)
 L - a ring of willpower (left hand)
 M - a ring of willpower
Wands
 c - a wand of roots (21)
 i - a wand of flame (32)
 C - a wand of paralysis (5)
 K - a wand of mindburst (4)
 O - a wand of acid (8)
Scrolls
 f - a scroll of vulnerability
 n - 5 scrolls of enchant weapon
 p - a scroll of torment
 q - a scroll of fog
 y - 5 scrolls of enchant armour
 A - 3 scrolls of immolation
 B - 3 scrolls of poison
 H - 3 scrolls of magic mapping
 I - a scroll of silence
 J - a scroll of brand weapon
Potions
 e - a potion of curing
 g - 2 potions of cancellation
 h - 2 potions of mutation
 j - 2 potions of lignification
 k - 2 potions of flight
 o - a potion of berserk rage
 r - a potion of attraction
 w - 3 potions of brilliance
Miscellaneous
 P - a box of beasts (inert)


   Skills:
 + Level 13.1 Fighting
 - Level 14.0 Polearms
 + Level 10.1 Armour
 + Level 10.6 Dodging
 - Level 1.4 Stealth
 + Level 5.5 Shields
 - Level 8.4 Spellcasting
 - Level 15.7 Summonings
 - Level 9.0 Translocations
 - Level 14.0 Invocations
 - Level 5.0 Evocations


You had 3 spell levels left.
You knew the following spells:

 Your Spells              Type           Power      Damage    Failure   Level
a - Blink                 Tloc           100%       N/A       1%          2
b - Summon Hydra          Summ           46%        N/A       4%          7
c - Call Canine Familiar  Summ           93%        N/A       0%          3
d - Summon Guardian Gole  Hex/Summ       65%        N/A       1%          3
e - Summon Forest         Summ/Tloc      41%        N/A       1%          5
f - Summon Cactus Giant   Summ           46%        N/A       1%          6
g - Call Imp              Summ           93%        N/A       0%          2
h - Summon Small Mammal   Summ           100%       N/A       0%          1

Your spell library contained the following spells:

 Spells                   Type           Power      Damage    Failure   Level
 Lesser Beckoning         Tloc           70%        N/A       1%          3
 Beastly Appendage        Tmut           30%        N/A       3%          1
 Magic Dart               Conj           60%        1d6       3%          1
 Ensorcelled Hibernation  Hex/Ice        30%        N/A       5%          2
 Passwall                 Tmut/Erth      12%        N/A       5%          2
 Scorch                   Fire           30%        2d7       5%          2
 Searing Ray              Conj           30%        2d5       5%          2
 Sublimation of Blood     Necr           15%        N/A       5%          2
 Wereblood                Tmut           15%        N/A       5%          2
 Conjure Flame            Conj/Fire      15%        6-21      11%         3
 Ignite Poison            Fire/Tmut/Pois 15%        N/A       11%         3
 Spider Form              Tmut/Pois      15%        N/A       11%         3
 Swiftness                Air            15%        N/A       11%         3
 Summon Lightning Spire   Summ/Air       65%        N/A       1%          4
 Manifold Assault         Tloc           70%        N/A       2%          5
 Flame Wave               Conj/Fire      15%        2d7       34%         4
 Fulminant Prism          Conj/Hex       7%         3d7       34%         4
 Sticky Flame             Conj/Fire      15%        2d4       34%         4
 Eringya's Noxious Bog    Tmut/Pois      7%         N/A       99%         6


Dungeon Overview and Level Annotations

Branches:
Dungeon (10/15) Zot: 4204  Temple (1/1) D:5 Zot: 877    Lair (5/5) D:10 Zot: 942
 Shoals (0/4) Lair:2        Snake (4/4) Lair:3 Zot: 144   Slime (0/5) Lair:5
  Sewer (visited)           IceCv (visited)
    Orc: D:9-12

Altars:
Ashenzari
Cheibriados
Dithmenos
Gozag
Hepliaklqana
Makhleb
Nemelex Xobeh
Okawaru
Qazlal
Ru
Sif Muna
Uskayaw
Xom
Yredelemnul
The Shining One

Shops:
D:2 (   Snake:2 ?

Portals:
Abyss: Snake:4

Annotations:
D:6 3 runed translucent doors, gregwegmann's ghost, novice KoBe
Snake:3 Vashnia
Snake:4 2 transporters, quixfox's ghost, adept GrEE


Innate Abilities, Weirdness & Mutations

You passively map the area around you.
You are easily found by Zot.
You glow in the dark.
You regain HP and MP as you explore.


Message History

Your eight-headed hydra misses Vashnia.
Your eight-headed hydra bites Vashnia!
Your eight-headed hydra completely misses Vashnia.
Your eight-headed hydra bites Vashnia but does no damage.
Casting: Summon Guardian Golem (safe; 1% risk of failure)
Confirm with . or Enter, or press ? or * to list all spells.
Okay, then.
Casting: Summon Guardian Golem (safe; 1% risk of failure)
Confirm with . or Enter, or press ? or * to list all spells.
Your eight-headed hydra disappears in a puff of smoke!
Vashnia mumbles some strange words.
Vashnia magically shoots a bolt.
The bolt hits you!!
* * * LOW HITPOINT WARNING * * *
The bolt burns you.
* * * LOW HITPOINT WARNING * * *
Okay, then.
Space seems to twist oddly around Vashnia.
Vashnia shoots a bolt.
The bolt hits your cactus giant!! The bolt burns your cactus giant!
Your guardian golem overheats!
Casting: Summon Cactus Giant (dangerous; 1% risk of failure)
Confirm with . or Enter, or press ? or * to list all spells.
A four-headed hydra appears.
A naga sharpshooter comes into view. It is wielding a +0 glaive.
Vashnia takes aim.
Vashnia shoots a bolt.
The bolt hits your guardian golem!! Flame seeps out of your guardian golem.
The bolt burns your guardian golem.
Your guardian golem disappears in a puff of smoke!
Your guardian golem explodes!
The fiery explosion engulfs Vashnia.
The fiery explosion engulfs your cactus giant!!
Your cactus giant is engulfed in blazing flames.
Your cactus giant hits Vashnia with a +0 giant spiked club!
You hear a shout!
Vashnia is engulfed in blazing flames.
Vashnia casts a spell.
Vashnia magically shoots a bolt.
The bolt hits you!
* * * LOW HITPOINT WARNING * * *
Vashnia gestures wildly while chanting.
Vashnia magically shoots a bolt.
The bolt hits you!
You die...

......#, .N....# , ,* #.....#
,#N§§.## , , ##....# ,
#C○§..##### *
.#....#######§D§.##...## ,
.##.............>#>.8..# , >
.†#######........##...N#* ,,
.......##.#.......#####[[...#*
** .......#..######.##...#
.8..#*
.......#......#.@.....## N...
* .......#.#.............# ...
.........#....#........# ..
.....)..##...###.......# . ,
.....)).#......##.###### ,*,,
...).)..#....#........ ,,, *
........#....###...... ,
........#...[..###.#.. , ,
#...†...#...#### .#, * *


You could see Vashnia (ally target), a friendly four-headed hydra (summoned) and
a friendly cactus giant (summoned).

Vanquished Creatures
  2 nagarajas (Snake:4)
  A naga warrior (Snake:4)
  A death yak (Lair:5)
  A salamander mystic (Snake:4)
  2 nameless horrors (Lair:3)
  A mana viper (Snake:1)
  A guardian serpent (Snake:4)
  3 elephants (Lair:3)
  5 black mambas
  An orange demon (Lair:1)
  A komodo dragon (Lair:1)
  A hornet (D:8)
  2 polar bears (Lair:3)
  A blink frog (Lair:2)
  A shadow (D:9)
  A wraith (D:9)
  A steam dragon (D:8)
  4 yaks
  A naga (Snake:4)
  2 water moccasins
  A sky beast (D:7)
  An ice beast (Lair:3)
  A glowing shapeshifter simulacrum (IceCv)
  A cane toad simulacrum (Lair:1)
  A wight (D:9)
  A killer bee (D:7)
  A howler monkey (D:8)
  A shapeshifter simulacrum (IceCv)
  3 hell rats (Lair:3)
  A polar bear simulacrum (Lair:1)
  A gnoll (D:5)
  2 river rats
  2 orcs (D:9)
  5 ball pythons
  3 jackals
  A kobold (D:2)
  A rat (Sewer)
60 creatures vanquished.

Vanquished Creatures (collateral kills)
  Kirke (Lair:4)
  4 nagarajas (Snake:4)
  3 hydras
  2 catoblepae (Lair:5)
  7 anacondas
  10 naga warriors
  5 death yaks
  5 shock serpents
  8 naga sharpshooters
  4 salamander mystics (Snake:4)
  Amaemon (Lair:1)
  6 naga ritualists
  3 lindwurms
  3 nameless horrors
  4 mana vipers
  17 salamanders
  17 elephants
  5 guardian serpents (Snake:4)
  An ice statue (Lair:3)
  7 naga magi
  23 black mambas
  6 cane toads
  An unseen horror (D:8)
  An ice devil (Lair:3)
  5 komodo dragons (Lair:5)
  2 trolls
  4 polar bears
  4 slime creatures (Lair:5)
  9 blink frogs
  4 dream sheep (Lair:5)
  Sigmund (D:6)
  23 yaks
  A wyvern (Lair:5)
  A wraith (D:9)
  6 hogs (Lair:4)
  A steam dragon (D:8)
  2 death yak simulacra (Lair:1)
  A vampire mosquito (D:10)
  Menkaure (D:7)
  35 nagas
  An acid dragon (D:9)
  4 water moccasins
  An orc warrior (D:8)
  2 sky beasts (D:7)
  3 black bears (D:6)
  2 ice beasts
  7 wolves (Lair:5)
  5 centaurs
  A phantom (D:7)
  2 kobold brigands
  8 bullfrogs
  2 scorpions (D:5)
  12 wights
  8 killer bees
  2 elephant simulacra (Lair:1)
  An electric eel (D:8)
  4 howler monkeys
  4 hounds
  2 orc priests
  Natasha (twice) (D:2)
  3 orc wizards
  5 hell rats (Lair:3)
  Terence (D:2)
  2 gnolls (D:5)
  8 adders
  5 river rats
  A shadow imp (D:7)
  3 white imps (Lair:3)
  An ufetubus (D:7)
  3 worms
  3 dart slugs
  11 orcs
  5 ball pythons
  4 endoplasms
  3 giant cockroaches
  2 goblins (D:4)
  14 kobolds
  2 quokkas
  A bat (D:1)
  A frilled lizard (Sewer)
  4 rats
399 creatures vanquished.

Vanquished Creatures (others)
  An anaconda (Snake:2)
  A naga warrior (Snake:3)
  A deep troll shaman (Lair:5)
  A naga sharpshooter (Snake:2)
  A mana viper (Snake:1)
  2 elephants (Lair:5)
  A black mamba (Snake:2)
  A naga mage (Snake:3)
  Maggie (D:6)
  A komodo dragon (Lair:1)
  A polar bear (Lair:3)
  4 yaks
  2 nagas
  A great orb of eyes simulacrum (IceCv)
  2 black bears
  A scorpion (D:5)
  5 wights
  4 killer bees
  A jelly (D:5)
  2 iguanas (D:5)
  A hell rat (Lair:3)
  An orc (D:5)
  19 fungi
  47 plants
  8 snaplasher vines
  3 withered plants (D:10)
113 creatures vanquished.

Grand Total: 572 creatures vanquished

Notes
Turn   | Place    | Note
-------+----------+-------------------------------------------
     0 | D:1      | Zeldest the Meteoran Summoner began the quest for the Orb.
     0 | D:1      | Reached XP level 1. HP: 14/14 MP: 5/5
    53 | D:1      | Reached XP level 2. HP: 22/22 MP: 6/6
    57 | D:1      | Learned a level 2 spell: Call Imp
    97 | D:1      | Reached skill level 5 in Summonings
   150 | D:2      | Reached skill level 1 in Polearms
   150 | D:2      | Reached XP level 3. HP: 27/27 MP: 5/8
   178 | D:2      | Reached skill level 1 in Fighting
   220 | D:2      | Noticed Natasha
   231 | D:2      | Learned a level 3 spell: Call Canine Familiar
   234 | D:2      | Killed Natasha
   235 | D:2      | Reached XP level 4. HP: 35/35 MP: 4/9
   278 | D:2      | Noticed Terence
   303 | D:2      | Killed Terence
   312 | D:2      | Found Pibles's Weapon Boutique.
   334 | D:2      | Noticed Natasha
   345 | D:2      | Killed Natasha
   346 | D:2      | Reached XP level 5. HP: 29/41 MP: 9/11
   367 | D:2      | Found a sacrificial altar of Ru.
   449 | D:3      | Learned a level 3 spell: Summon Guardian Golem
   455 | D:3      | Found a stormy altar of Qazlal.
   485 | D:3      | Found a basalt altar of Yredelemnul.
   729 | D:4      | Reached skill level 6 in Summonings
   888 | D:4      | Found a hide-covered altar of Uskayaw.
  1018 | D:5      | Entered Level 5 of the Dungeon
  1037 | D:5      | Found a broken altar of Ashenzari.
  1070 | D:5      | Reached XP level 6. HP: 48/48 MP: 12/12
  1138 | D:5      | Found a glowing drain.
  1167 | Sewer    | Entered a sewer
  1268 | Sewer    | Reached XP level 7. HP: 56/56 MP: 9/14
  1274 | Sewer    | Learned a level 5 spell: Summon Forest
  1458 | D:5      | Reached skill level 1 in Translocations
  1502 | D:5      | Reached skill level 7 in Summonings
  1748 | D:5      | Found a staircase to the Ecumenical Temple.
  1754 | Temple   | Entered the Ecumenical Temple
  1762 | Temple   | Became a worshipper of Cheibriados the Contemplative
  1829 | D:5      | Reached XP level 8. HP: 63/63 MP: 9/15
  1849 | D:5      | Reached skill level 1 in Invocations
  1871 | D:5      | Noticed a hornet
  1871 | D:5      | Noticed a two-headed ogre
  1981 | D:6      | Noticed Sigmund
  2045 | D:6      | Reached skill level 8 in Summonings
  2045 | D:6      | Found a runed translucent gate.
  2087 | D:6      | Noticed a nameless horror
  2109 | D:6      | Killed a nameless horror
  2113 | D:6      | Killed Sigmund
  2114 | D:6      | Reached skill level 5 in Translocations
  2114 | D:6      | Gained mutation: You passively map the area around you.
                  | [Meteoran growth]
  2114 | D:6      | Reached XP level 9. HP: 42/72 MP: 11/16
  2116 | D:6      | Reached skill level 5 in Polearms
  2166 | D:6      | Reached skill level 9 in Summonings
  2189 | D:6      | Reached * piety under Cheibriados
  2251 | D:6      | Found a runed translucent gate.
  2279 | D:6      | Identified the +1 chain mail of Naipuokk {Harm rF+}
  2314 | D:6      | Noticed Maggie
  2351 | D:6      | Killed Maggie
  2352 | D:6      | Reached skill level 5 in Fighting
  2395 | D:6      | Found a runed translucent gate.
  2395 | D:6      | Noticed gregwegmann's ghost (novice KoBe)
  2421 | D:7      | Reached XP level 10. HP: 81/81 MP: 13/17
  2424 | D:7      | Noticed Menkaure
  2426 | D:7      | Killed Menkaure
  2464 | D:7      | Reached skill level 10 in Summonings
  2464 | D:7      | Reached skill level 5 in Invocations
  2630 | D:8      | Reached ** piety under Cheibriados
  2683 | D:8      | Identified the +1 ring mail of Filth {rCorr Int-3 Dex+3}
  2815 | D:8      | Reached skill level 11 in Summonings
  2868 | D:8      | Reached XP level 11. HP: 39/91 MP: 13/19
  3138 | D:9      | Reached skill level 5 in Spellcasting
  3236 | D:9      | Reached *** piety under Cheibriados
  3499 | D:10     | Entered Level 10 of the Dungeon
  3508 | D:10     | Reached **** piety under Cheibriados
  3509 | D:10     | Reached skill level 12 in Summonings
  3546 | D:10     | Found a staircase to the Lair.
  3546 | D:10     | Noticed a death yak
  3547 | D:10     | Noticed a death yak
  3550 | D:10     | Noticed a death yak
  3558 | D:10     | Killed a death yak
  3559 | D:10     | Killed a death yak
  3561 | D:10     | Killed a death yak
  3599 | D:10     | Reached XP level 12. HP: 64/100 MP: 19/22
  3610 | D:10     | Learned a level 7 spell: Summon Hydra
  3611 | Lair:1   | Entered Level 1 of the Lair of Beasts
  3692 | Lair:1   | Found a frozen archway.
  3767 | Lair:1   | Noticed Amaemon
  3776 | Lair:1   | Reached ***** piety under Cheibriados
  3776 | Lair:1   | Killed Amaemon
  3777 | Lair:1   | Reached skill level 13 in Summonings
  3799 | IceCv    | Entered an ice cave
  4131 | Lair:2   | Noticed a five-headed hydra
  4137 | Lair:2   | Killed a five-headed hydra
  4152 | Lair:2   | Found a staircase to the Shoals.
  4162 | Lair:2   | Reached skill level 14 in Summonings
  4162 | Lair:2   | Reached XP level 13. HP: 65/108 MP: 11/25
  4303 | Lair:3   | Found a staircase to the Snake Pit.
  4369 | Lair:3   | Reached skill level 1 in Armour
  4369 | Lair:3   | Reached skill level 10 in Invocations
  4379 | Lair:3   | Reached ****** piety under Cheibriados
  4380 | Lair:3   | Reached skill level 10 in Polearms
  4410 | Lair:3   | Identified the +1 leather armour "Xist" {Drain rCorr Str-4
                  | Int+8}
  4540 | Lair:4   | Noticed Kirke
  4547 | Lair:4   | Killed Kirke
  4717 | Lair:4   | Identified the +5 falchion of Demand {vorpal, rF+ rC+
                  | Dex+4}
  4939 | Lair:5   | Entered Level 5 of the Lair of Beasts
  4947 | Lair:5   | Reached skill level 15 in Summonings
  4947 | Lair:5   | Reached XP level 14. HP: 119/119 MP: 17/27
  4953 | Lair:5   | Reached skill level 5 in Dodging
  4970 | Lair:5   | Reached skill level 10 in Fighting
  5005 | Lair:5   | Learned a level 2 spell: Blink
  5011 | Lair:5   | Learned a level 5 spell: Manifold Assault
  5059 | Lair:5   | Found a staircase to the Slime Pits.
  5065 | Lair:5   | Reached skill level 5 in Armour
  5628 | Snake:1  | Entered Level 1 of the Snake Pit
  5646 | Snake:1  | Reached XP level 15. HP: 112/128 MP: 3/28
  5799 | Snake:1  | Reached skill level 1 in Evocations
  6243 | Snake:2  | Found Soetz's Magic Scroll Shoppe.
  6251 | Snake:2  | Bought a scroll of enchant armour for 150 gold pieces
  6251 | Snake:2  | Bought a scroll of enchant armour for 150 gold pieces
  6251 | Snake:2  | Bought a scroll of enchant weapon for 150 gold pieces
  6251 | Snake:2  | Bought a scroll of enchant armour for 150 gold pieces
  6337 | Snake:2  | Learned a level 6 spell: Summon Cactus Giant
  6559 | Snake:4  | Entered Level 4 of the Snake Pit
  6575 | Snake:4  | Reached XP level 16. HP: 134/139 MP: 19/29
  6620 | Snake:4  | Noticed quixfox's ghost (adept GrEE)
  6638 | Snake:4  | Reached skill level 5 in Evocations
  6790 | Snake:4  | Reached skill level 1 in Shields
  6864 | Snake:4  | Noticed a nagaraja
  6867 | Snake:4  | Noticed a nagaraja
  6887 | Snake:4  | Killed a nagaraja
  6887 | Snake:4  | Killed a nagaraja
  7123 | Snake:4  | Found a transporter.
  7187 | Snake:4  | Noticed a nagaraja
  7195 | Snake:4  | Killed a nagaraja
  7226 | Snake:4  | Found a one-way gate to the infinite horrors of the Abyss.
  7234 | Snake:4  | Found a transporter.
  7252 | Snake:4  | Found a sparkling altar of Nemelex Xobeh.
  7263 | Snake:4  | Reached skill level 10 in Dodging
  7333 | Snake:4  | Noticed a nagaraja
  7335 | Snake:4  | Killed a nagaraja
  7344 | Snake:4  | Noticed a nagaraja
  7345 | Snake:4  | Noticed a nagaraja
  7349 | Snake:4  | Reached XP level 17. HP: 103/148 MP: 8/30
  7355 | Snake:4  | Killed a nagaraja
  7361 | Snake:4  | Killed a nagaraja
  7383 | Snake:4  | Reached skill level 5 in Shields
  7420 | Snake:4  | Reached skill level 10 in Armour
  7531 | Snake:4  | Got a serpentine rune of Zot
  7533 | Snake:4  | Glimpsed the power of Zot.
  7558 | Snake:4  | Glimpsed the power of Zot.
  7578 | Snake:4  | Glimpsed the power of Zot.
  7584 | Snake:3  | Touched by the power of Zot.
  7661 | Snake:3  | Noticed Vashnia
  7666 | Snake:3  | HP: 5/103 [Vashnia/bolt (16)]
  7666 | Snake:3  | Shot with a bolt by Vashnia

Illustrated notes

Levels and vault maps discovered:
D:1:      dpeg_arrival_central, layout_basic, chequers_ecumenical_altar_simple,
          minmay_misc_feat_cross
D:2:      layout_loops_ring, basic_altar, serial_shops,
          nicolae_shop_bloodbath_and_beyond, uniq_terence, uniq_natasha
D:3:      layout_basic, nicolae_qazlal_scattered_showers, lemuel_tele_altar,
          minmay_lizard_king
D:4:      layout_loops_cross, mainiacjoe_overflow_brackets,
          mainiacjoe_overflow_small_starburst, minmay_pentomino_pile
D:5:      layout_loops_corners, lemuel_crystal_altar, minmay_temple_entry_hall,
          gup_sewer_entry_glass, minmay_divided_ellipse
D:6:      layout_cave_pools, serial_glass, glass_columns_a, glass_columns_c,
          gammafunk_ghost_split, uniq_sigmund, uniq_maggie
D:7:      layout_cave_pools, uniq_menkaure
D:8:      layout_gridville, minmay_crystal_water
D:9:      layout_rooms, minmay_door_square, chequers_decorated_corner,
          nicolae_figureground_sparkle
D:10:     layout_rooms, grunt_temple_overflow_growth_and_decay,
          grunt_temple_overflow_open, dpeg_lair_monsters
Temple:   hellmonk_temple_rainy
Lair:1:   layout_gridlike, portal_ice_cave_entry_ice_simulacra, uniq_amaemon
Lair:2:   lemuel_ratsnest, layout_misc_corridors, minmay_shoals_entry_centaurs
Lair:3:   layout_cellular_growth, guppyfry_snake_entry_island,
          chequers_serial_rivers_room_b, ice2_lemuel
Lair:4:   layout_long_grid, nicolae_lair_lindhole, uniq_kirke
Lair:5:   grunt_lair_end_beastmaster, layout_cave_shapes,
          minmay_slime_entry_pillars, grunt_megastairs_5
Snake:1:  layout_gridlike, ebering_ghost_reflecting_pool
Snake:2:  cheibrodos_toxic_ritual, layout_grid_shapes, basic_altar,
          serial_shops, shop_fountains
Snake:3:  layout_honeycomb, grunt_ministairs_4, minmay_shoptagon, uniq_vashnia,
          uniq_asterion
Snake:4:  johnstein_snake_rune_scales, layout_chambers, basic_altar,
          gammafunk_ghost_abyssal_escape, grunt_ministairs_3

Skill      XL: |  1  2  3  4  5  6  7  8  9 10 11 12 13 14 15 16 17 |
---------------+----------------------------------------------------+-----
Summonings     | 5 6 7 8 9 11 12 14 15 | 15.7
Spellcasting   | 3 4 6 7 8 |  8.4
Polearms       | 1 2 3 4 5 7 8 9 10 11 12 13 14 | 14.0
Fighting       | 1 2 3 4 5 6 7 8 9 10 11 12 13 | 13.1
Translocations | 2 5 6 7 8 9 |  9.0
Invocations    | 3 4 6 7 9 10 12 13 14 | 14.0
Armour         | 3 6 8 9 10 | 10.1
Dodging        | 4 7 8 10 | 10.6
Evocations     | 4 5 |  5.0
Shields        | 4 5 |  5.5
Stealth        | |  1.4

Action                   |  1- 3 |  4- 6 |  7- 9 | 10-12 | 13-15 | 16-18 || total
-------------------------+-------+-------+-------+-------+-------+-------++-------
Melee: Unarmed           |     1 |       |       |       |       |       ||     1
       Hand axe          |     1 |    44 |    49 |       |       |       ||    94
       Punch             |       |       |     1 |       |       |       ||     1
       War axe           |       |       |     1 |    52 |       |       ||    53
       Glaive            |       |       |       |    40 |    45 |       ||    85
       Falchion          |       |       |       |       |    27 |    14 ||    41
 Cast: Summon Small Mamm |    12 |    10 |     6 |     7 |       |       ||    35
       Call Imp          |     2 |    11 |    15 |     7 |     2 |       ||    37
       Call Canine Famil |     1 |    14 |    21 |    32 |    30 |    13 ||   111
       Summon Guardian G |       |     2 |    16 |    28 |    28 |    13 ||    87
       Summon Forest     |       |       |     3 |    14 |    22 |     6 ||    45
       Summon Hydra      |       |       |       |     3 |    52 |    29 ||    84
       Manifold Assault  |       |       |       |       |     4 |       ||     4
       Blink             |       |       |       |       |     3 |     2 ||     5
       Summon Cactus Gia |       |       |       |       |     8 |    26 ||    34
Invok: Bend Time         |       |       |       |     1 |       |       ||     1
       Slouch            |       |       |       |       |     1 |       ||     1
Evoke: Wand              |       |     1 |     2 |     2 |     6 |     6 ||    17
       Box of beasts     |       |       |       |       |       |     2 ||     2
  Use: Scroll            |       |     3 |     2 |     6 |     9 |     7 ||    27
       Potion            |       |       |     4 |       |     5 |     5 ||    14
 Stab: Distracted        |       |     1 |       |     1 |     1 |       ||     3
Armor: Robe              |    14 |    26 |    22 |       |       |       ||    62
       Skin              |       |       |    39 |       |    17 |       ||    56
       Swamp dragon scal |       |       |       |    73 |   116 |    34 ||   223
Dodge: Dodged            |    18 |    30 |    33 |    86 |   249 |   115 ||   531

Table legend: (Time is in decaauts)
 A = Elapsed time spent in this place.
 B = Non-inter-level travel time spent in this place.
 C = Inter-level travel time spent in this place.
 D = Time resting spent in this place.
 E = Time spent auto-exploring this place.
 F = Levels seen in this place.
 G = Mean time per level.
                   A        B        C        D        E       F      G
               +--------+--------+--------+--------+--------+-----+--------+
         Total |  11716 |  10972 |    744 |     30 |      0 |  22 |  532.5 |
       Dungeon |   4042 |   3898 |    144 |     14 |      0 |  10 |  404.2 |
        Temple |     18 |     18 |      0 |      0 |      0 |   1 |   18.0 |
          Lair |   3561 |   3329 |    232 |     16 |      0 |   5 |  712.2 |
     Snake Pit |   3750 |   3382 |    368 |      0 |      0 |   4 |  937.5 |
         Sewer |    305 |    305 |      0 |      0 |      0 |   1 |  305.0 |
      Ice Cave |     38 |     38 |      0 |      0 |      0 |   1 |   38.0 |
               +--------+--------+--------+--------+--------+-----+--------+

Top non-repeatable levels by time:
 Snake:4: 1981 daAuts
  Lair:5: 1125 daAuts
 Snake:1: 1013 daAuts
  Lair:4: 893 daAuts
     D:5: 789 daAuts
     D:8: 715 daAuts
  Lair:1: 599 daAuts
  Lair:3: 589 daAuts
     D:9: 568 daAuts
 Snake:2: 522 daAuts
     D:6: 480 daAuts
  Lair:2: 353 daAuts
     D:2: 314 daAuts
     D:4: 311 daAuts
   Sewer: 305 daAuts
